 Dungeon Crawl Stone Soup version 0.28.0 (webtiles) character file.

Game seed: 11556794870131326916

37 Deca the Poker (level 3, 0/28 HPs)
             Began as a Merfolk Gladiator on Feb 14, 2022.
             Was a High Priest of Ignis.
             Slain by a gnoll (7 damage)
             ... on level 2 of the Dungeon.
             The game lasted 00:02:56 (1504 turns).

Deca the Poker (Merfolk Gladiator)                  Turns: 1504, Time: 00:02:56

Health: 0/28       AC:  4    Str: 14    XL:     3   Next: 41%
Magic:  3/3        EV: 13    Int:  7    God:    Ignis [*****.]
Gold:   47         SH:  0    Dex: 17    Spells: 2/2 levels left

rFire   + . .      SeeInvis .   a - +0 trident
rCold   . . .      Faith    .   (no shield)
rNeg    . . .      Spirit   .   b - +0 leather armour
rPois   .          Reflect  .   c - +0 helmet
rElec   .          Harm     .   (no cloak)
rCorr   .          Rampage  .   (no gloves)
Will    .....                   (no boots)
Stlth   +.........              (no amulet)
HPRegen 0.09/turn               (no ring)
MPRegen 0.08/turn               (no ring)

@: no status effects
A: (nimble swimmer 2), mertail
a: Renounce Religion, Fiery Armour, Foxfire Swarm, Rising Flame


You were on level 2 of the Dungeon.
You worshipped Ignis.
Ignis was extremely pleased with you.
You visited 1 branch of the dungeon, and saw 2 of its levels.

You collected 47 gold pieces.

Inventory:

Hand Weapons
 a - a +0 trident (weapon)
Missiles
 d - 3 throwing nets (quivered)
Armour
 b - a +0 leather armour (worn)
 c - a +0 helmet (worn)
Jewellery
 h - a +6 ring of intelligence
 l - the macabre finger necklace {rN+}
   (You found it on level 2 of the Dungeon)

   [amulet of nothing]

   It enables you to equip an extra ring.
   rN:        It protects you from negative energy.
Scrolls
 e - a scroll of fog {unknown}
 g - a scroll of identify {unknown}
 k - a scroll of noise {unknown}
 m - a scroll of vulnerability {unknown}
Potions
 f - a potion of magic {unknown}
 i - a potion of resistance {unknown}
 j - a potion of curing {unknown}


   Skills:
 + Level 2.7 Fighting
 + Level 5.0 Polearms
 - Level 2.4 Throwing
 + Level 4.5 Dodging


You had 2 spell levels left.
You didn't know any spells.
Your spell library contained the following spells:

 Spells                   Type           Power      Damage    Failure   Level
 Sublimation of Blood     Necr           0%         N/A       65%         2
 Wereblood                Tmut           0%         N/A       65%         2
 Summon Hydra             Summ           0%         N/A       100%        7


Dungeon Overview and Level Annotations

Branches:
Dungeon (2/15)

Altars:
Ignis

Shops:
D:1 ?


Innate Abilities, Weirdness & Mutations

((You are very nimble when in or above water. (Stealth+, EV+, Speed+++)))
Your lower body shifts to a powerful aquatic tail in water.


Message History

A gnoll comes into view. It is wielding a +0 flail.
The frilled lizard moves out of view.
You barely miss the goblin.
The gnoll shouts!
The goblin misses you.
You closely miss the goblin. The goblin misses you.
You hit the goblin.
You kill the goblin!
A kobold comes into view. It is wielding a +0 club.
You reach to attack!
The kobold shouts!
You hit the gnoll but do no damage. The gnoll closely misses you.
You reach to attack!
You hit the gnoll.
The gnoll is moderately wounded.
You reach to attack!
You closely miss the gnoll. You miss the frilled lizard.
The frilled lizard bites you.
You closely miss the frilled lizard.
The frilled lizard bites you but does no damage.
You closely miss the frilled lizard.
The frilled lizard completely misses you.
You closely miss the frilled lizard. The frilled lizard barely misses you.
The gnoll closely misses you. The frilled lizard closely misses you.
You closely miss the frilled lizard.
The gnoll hits you from afar with a +0 halberd!
The frilled lizard bites you.
You miss the frilled lizard. The gnoll closely misses you.
The frilled lizard bites you but does no damage.
You closely miss the frilled lizard. The gnoll barely misses you.
The frilled lizard misses you.
You puncture the frilled lizard!
You kill the frilled lizard!
The gnoll barely misses you.
You barely miss the gnoll.
The gnoll hits you from afar with a +0 halberd.
The gnoll hits you with a +0 flail.
* * * LOW HITPOINT WARNING * * *
You hit the gnoll.
The gnoll is heavily wounded.
The gnoll misses you. The gnoll hits you with a +0 flail!
You die...

#..........####.##
########.####### #..####
#....(.#.### ##...#.
#.....)....# ###...
#...<..#.#.#### #...
#####.........## ###...
####†#.##.... #[....
#<#.....##.##..... #####
#@#####...........
......#g####.........†..
.......gg......##.......
.......)..######........
........### ...........
........# ............
......... #...........
......... ............
......... ...#........


You could see 3 gnolls.

Vanquished Creatures
  A dart slug (D:1)
  2 endoplasms (D:1)
  7 goblins
  4 hobgoblins (D:1)
  2 kobolds
  A quokka (D:1)
  3 ball pythons (D:1)
  5 bats
  5 frilled lizards
  3 rats
33 creatures vanquished.

Notes
Turn   | Place    | Note
-------+----------+-------------------------------------------
     0 | D:1      | Deca the Merfolk Gladiator began the quest for the Orb.
     0 | D:1      | Reached XP level 1. HP: 16/16 MP: 1/1
    60 | D:1      | Found Fuzxafui's Magic Scroll Shoppe.
   232 | D:1      | Reached XP level 2. HP: 23/23 MP: 2/2
   586 | D:1      | Found a faded altar of an unknown god.
   866 | D:1      | Prayed at the altar of an unknown god.
   866 | D:1      | Became a worshipper of Ignis, the Dying Flame
   900 | D:1      | Reached XP level 3. HP: 28/28 MP: 3/3
  1422 | D:2      | Reached skill level 5 in Polearms
  1425 | D:2      | Found the macabre finger necklace {rN+}
  1504 | D:2      | Slain by a gnoll

Illustrated notes

Levels and vault maps discovered:
D:1:      minmay_arrival_shattered_statue, layout_basic,
          hellmonk_ecumenical_altar_pennies_from_heaven, serial_shops,
          nicolae_shop_waterfront
D:2:      minmay_roachtagon, layout_rooms, uniq_natasha

Skill      XL: |  1  2  3 |
---------------+----------+-----
Polearms       | 5 |  5.0
Fighting       | |  2.7
Throwing       | |  2.4
Dodging        | |  4.5

Action                   || total
-------------------------++-------
Melee: Trident           ||   101
       Punch             ||     2
 Stab: Sleeping          ||     1
Armor: Leather armour    ||    15
Dodge: Dodged            ||    48
